 Dungeon Crawl Stone Soup version 0.29.1-2-gbd0b4ee654 (webtiles) character file.

Game seed: 11959319902621791190

5726 adizb the Tainter (level 10, -8/83 HPs)
             Began as a Red Draconian Venom Mage on Oct 25, 2022.
             Was a Priest of Vehumet.
             Mangled by a skeletal warrior
             ... wielding a +0 trident
              (19 damage)
             ... on level 8 of the Dungeon on Oct 26, 2022.
             The game lasted 01:12:16 (7378 turns).

adizb the Tainter (Red Draconian Venom Mage)        Turns: 7378, Time: 01:12:16

Health: -8/83      AC:  7    Str: 17      XL:     10   Next: 48%
Magic:  19/19      EV: 12    Int: 20      God:    Vehumet [***...]
Gold:   405        SH:  0    Dex:  6 (11) Spells: 3/21 levels left

rFire   + + +      SeeInvis .   p - +8 long sword of Earthquakes {vamp, Contam +Blink rF+}
rCold   x . .      Faith    .   (no shield)
rNeg    . . .      Spirit   .   (body armour unavailable)
rPois   .          Reflect  .   (helmet restricted)
rElec   .          Harm     .   (no cloak)
rCorr   .          Rampage  .   (no gloves)
Will    .....                   (no boots)
Stlth   +.........              G - amulet of Vitality {RegenMP++ Regen++}
HPRegen 1.83/turn               d - ring of fire
MPRegen 0.96/turn               D - +6 ring of strength

@: short of breath, studying Ranged Weapons
A: breathe fire, AC +7, unfitting armour, fire resistance 1, cold-blooded
a: Breathe Fire, Renounce Religion, Evoke Blink


You were on level 8 of the Dungeon.
You worshipped Vehumet.
Vehumet was most pleased with you.
You visited 2 branches of the dungeon, and saw 9 of its levels.
You also visited: Ossuary.

You collected 493 gold pieces.
You spent 88 gold pieces at shops.

Inventory:

Hand Weapons
 j - a +0 dagger of venom
 p - the +8 long sword of Earthquakes (weapon) {vamp, Contam +Blink rF+}
   (You found it on level 4 of the Dungeon)

   It occasionally heals its wielder for a portion of the damage dealt when it
   wounds a living foe.
   rF:        It protects you from fire.
   +Blink:    It lets you blink.
   Contam:    It causes magical contamination when unequipped.
Magical Staves
 i - a staff of fire
Jewellery
 d - a ring of fire (left hand)
 C - a ring of ice
 D - a +6 ring of strength (right hand)
 G - the amulet of Vitality (around neck) {RegenMP++ Regen++}
   (You found it on level 7 of the Dungeon)

   [amulet of magic regeneration]

   It increases your rate of magic regeneration.
   Regen:     It increases your rate of health regeneration.
 H - a +6 ring of dexterity
Wands
 n - a wand of iceblast (1)
 r - a wand of quicksilver (7)
 x - a wand of flame (47)
 E - a wand of paralysis (16)
Scrolls
 c - a scroll of silence
 e - 4 scrolls of teleportation
 k - 3 scrolls of poison
 u - a scroll of brand weapon {unknown}
 v - 6 scrolls of immolation
 w - a scroll of enchant weapon
 B - a scroll of fog
 F - 2 scrolls of torment {unknown}
Potions
 a - 3 potions of magic
 b - 6 potions of curing
 f - 2 potions of ambrosia
 g - a potion of might {unknown}
 h - a potion of haste
 l - 2 potions of flight {unknown}
 m - 4 potions of attraction {unknown}
 o - 3 potions of brilliance
 q - 2 potions of berserk rage {unknown}
 s - 3 potions of degeneration {unknown}
 t - 3 potions of mutation {unknown}
 A - a potion of invisibility


   Skills:
 + Level 6.1 Fighting
 + Level 5.6 Long Blades
 + Level 5.9 Dodging
 - Level 1.7 Stealth
 * Level 6.1 Spellcasting
 - Level 2.0 Conjurations
 - Level 3.0 Transmutations
 - Level 2.4 Fire Magic
 + Level 3.2 Air Magic
 + Level 9.0 Poison Magic


You had 3 spell levels left.
You knew the following spells:

 Your Spells              Type           Power      Damage    Failure   Level
a - Sting                 Tmut/Pois      100%       1d8       1%          1
b - Poisonous Vapours     Pois/Air       60%        N/A       1%          2
c - Mephitic Cloud        Conj/Pois/Air  25%        N/A       1%          3
d - Olgreb's Toxic Radia  Pois           42%        N/A       1%          4
e - Static Discharge      Conj/Air       16%        3-5/arc   1%          2
f - Searing Ray           Conj           28%        2d5       1%          2
g - Airstrike             Air            9%         2d(2-18)  7%          4

Your spell library contained the following spells:

 Spells                   Type           Power      Damage    Failure   Level
 Inner Flame              Hex/Fire       16%        N/A       5%          3
 Frozen Ramparts          Ice            12%        1d2       9%          3
 Ozocubu's Armour         Ice            6%         N/A       30%         3
 Lightning Bolt           Conj/Air       8%         1d20      24%         5
 Summon Lightning Spire   Summ/Air       12%        N/A       45%         4
 Ice Form                 Ice/Tmut       12%        N/A       50%         4
 Summon Ice Beast         Ice/Summ       6%         N/A       71%         4
 Ozocubu's Refrigeration  Ice            3%         4d8       100%        7


Dungeon Overview and Level Annotations

Branches:
Dungeon (8/15)             Temple (1/1) D:4         Ossuary (visited)
   Lair: D:8-11

Altars:
Ashenzari
Cheibriados
Dithmenos
Elyvilon
Fedhas
Gozag
Hepliaklqana
Kikubaaqudgha
Makhleb
Nemelex Xobeh
Okawaru
Ru
Sif Muna
Trog
Uskayaw
Vehumet
Wu Jian
Xom
Yredelemnul
The Shining One

Shops:
D:2 ?   D:4 (   D:5 *


Innate Abilities, Weirdness & Mutations

You can breathe blasts of fire.
Your fiery red scales are hard. (AC +7)
You cannot fit into any form of body armour.
Your flesh is heat resistant. (rF+)
You are cold-blooded and may be slowed by cold attacks.


Message History

Aim: a skeletal warrior, wielding a +0 trident (heavily damaged, 76% to hit)
The searing ray hits the skeletal warrior!
The skeletal warrior is heavily damaged. (Press . to maintain the ray.)
The skeletal warrior closely misses you.
The searing ray hits the skeletal warrior but does no damage.
The skeletal warrior is heavily damaged.
The skeletal warrior hits you from afar with a +0 trident!
The searing ray hits the skeletal warrior.
The skeletal warrior is heavily damaged.
The skeletal warrior hits you from afar with a +0 trident!
You see here a +0 spear.
You have got your breath back.
The skeletal warrior hits you with a +0 trident!
You slash the skeletal warrior!
The skeletal warrior is heavily damaged.
The skeletal warrior misses you.
You closely miss the skeletal warrior.
You tail-slap the skeletal warrior, but do no damage.
The skeletal warrior is heavily damaged.
The skeletal warrior hits you with a +0 trident!!
You closely miss the skeletal warrior.
The skeletal warrior is heavily damaged.
The skeletal warrior hits you with a +0 trident.
You hit the skeletal warrior.
The skeletal warrior is heavily damaged.
The skeletal warrior hits you with a +0 trident!!
You hit the skeletal warrior.
The skeletal warrior is heavily damaged.
The skeletal warrior hits you with a +0 trident.
Aiming: Breathe Fire (3% risk of failure)
Press: ? - help, Shift-Dir - straight line, f/p - skeletal warrior
Aim: a skeletal warrior, wielding a +0 trident (heavily damaged, 68% to hit)
You breathe a blast of fire.
The fiery breath hits the skeletal warrior.
The skeletal warrior is severely damaged.
The skeletal warrior hits you with a +0 trident!!
* * * LOW HITPOINT WARNING * * *
The skeletal warrior hits you from afar with a +0 trident!!
You die...

#.######## #........##
#.......<.# ##
##...###..# .. ..#.#.#
#..# ###
###z#.#.###..# # $?
$)# #.#......#
#.########.#.######.##
..8#n.#8..#.#..@.z.§#
.'..)..##.#.####..#
#####8.####......z...#
<...##†#......)###.#.#
$..................#.#
###...#.....##.###.#.#
#...#.....†...##.#.#
#..(#..#...#.......#
#...####.#.#####.###


You could see a skeletal warrior.

Vanquished Creatures
  The ghost of safid the Skirmisher, a novice MiHu of Okawaru (D:7)
  Pikel (D:6)
  An ugly thing (D:8)
  Prince Ribbit (D:5)
  A steam dragon (D:8)
  Duvessa (D:7)
  An ice beast (D:7)
  2 orc warriors
  2 sky beasts (D:8)
  3 black bears
  2 ogres
  3 centaurs
  2 phantoms (D:5)
  A lemure (D:6)
  Blork the orc (D:5)
  3 bullfrogs
  2 necrophages
  3 wyvern zombies (Ossuary)
  A scorpion (D:6)
  A water moccasin zombie (Ossuary)
  Dowan (D:6)
  3 killer bees (D:8)
  3 howler monkeys
  2 centaur zombies (Ossuary)
  4 quasits (D:7)
  7 bullfrog zombies (Ossuary)
  2 orc priests
  5 hounds
  A jelly (D:5)
  15 mummies (Ossuary)
  A gnoll bouda (D:7)
  3 orc wizards
  Natasha (thrice) (D:4)
  8 iguanas
  A killer bee zombie (Ossuary)
  2 howler monkey zombies (Ossuary)
  6 gnolls
  8 adders
  A shadow imp (D:6)
  2 white imps
  2 ufetubi
  2 worms (D:4)
  3 dart slugs
  22 orcs
  11 ball pythons
  4 bats
  3 endoplasms (D:3)
  3 giant cockroaches
  4 goblins
  8 hobgoblins
  9 jackals (D:1)
  9 kobolds
  5 quokkas
  2 rats
198 creatures vanquished.

Vanquished Creatures (others)
  7 plants (D:1)
  6 withered plants (Ossuary)
13 creatures vanquished.

Grand Total: 211 creatures vanquished

Notes
Turn   | Place    | Note
-------+----------+-------------------------------------------
     0 | D:1      | adizb the Draconian Venom Mage began the quest for the Orb.
     0 | D:1      | Reached XP level 1. HP: 14/14 MP: 3/3
   138 | D:1      | Reached XP level 2. HP: 12/20 MP: 0/5
   290 | D:1      | Learned a level 2 spell: Poisonous Vapours
   804 | D:1      | Reached XP level 3. HP: 26/26 MP: 3/6
  1300 | D:2      | Found Lechinid's Magic Scroll Boutique.
  1305 | D:2      | Bought a scroll of identify for 22 gold pieces
  1305 | D:2      | Bought a scroll of identify for 22 gold pieces
  1305 | D:2      | Bought 2 scrolls of identify for 44 gold pieces
  1396 | D:2      | Learned a level 3 spell: Mephitic Cloud
  1889 | D:3      | Reached XP level 4. HP: 30/33 MP: 5/7
  2067 | D:3      | Found a faded altar of an unknown god.
  2355 | D:3      | Reached skill level 4 in Poison Magic
  2791 | D:4      | Reached XP level 5. HP: 31/38 MP: 7/9
  2794 | D:4      | Found a staircase to the Ecumenical Temple.
  2821 | Temple   | Entered the Ecumenical Temple
  3055 | Temple   | Became a worshipper of Vehumet
  3087 | D:4      | Identified the +8 long sword of Earthquakes {vamp, Contam
                  | +Blink rF+}
  3101 | D:4      | Found Pese's Weapon Emporium.
  3109 | D:4      | Noticed an ogre
  3115 | D:4      | Killed an ogre
  3116 | D:4      | Reached skill level 1 in Fighting
  3133 | D:4      | Noticed Natasha
  3140 | D:4      | Killed Natasha
  3141 | D:4      | Reached skill level 1 in Long Blades
  3152 | D:4      | Reached XP level 6. HP: 47/47 MP: 5/10
  3345 | D:4      | Learned a level 4 spell: Olgreb's Toxic Radiance
  3393 | D:4      | Noticed Natasha
  3403 | D:4      | Killed Natasha
  3635 | D:4      | Noticed Natasha
  3643 | D:4      | Killed Natasha
  3669 | D:5      | Entered Level 5 of the Dungeon
  3684 | D:5      | Noticed Blork the orc
  3690 | D:5      | Killed Blork the orc
  3691 | D:5      | Your scales start taking on a fiery red colour.
  3691 | D:5      | Reached XP level 7. HP: 42/55 MP: 5/12
  3691 | D:5      | Gained mutation: Your flesh is heat resistant. (rF+) [Red
                  | Draconian growth]
  3714 | D:5      | Reached skill level 5 in Poison Magic
  3746 | D:5      | Reached skill level 1 in Fire Magic
  3985 | D:5      | Noticed Prince Ribbit
  4010 | D:5      | Killed Prince Ribbit
  4048 | D:5      | Reached XP level 8. HP: 35/63 MP: 13/13
  4147 | D:5      | Reached * piety under Vehumet
  4147 | D:5      | Offered knowledge of Freeze by Vehumet.
  4273 | D:5      | Found Piyrusik's Elemental Accessories.
  4357 | D:6      | Reached skill level 6 in Poison Magic
  4556 | D:6      | Found a sand-covered staircase.
  4563 | Ossuary  | Entered an ossuary
  4573 | Ossuary  | Reached skill level 1 in Air Magic
  4718 | Ossuary  | Reached ** piety under Vehumet
  4720 | Ossuary  | Offered knowledge of Static Discharge by Vehumet.
  4721 | Ossuary  | Reached XP level 9. HP: 67/71 MP: 16/16
  4724 | Ossuary  | Learned a level 2 spell: Static Discharge
  4782 | Ossuary  | Reached skill level 7 in Poison Magic
  5246 | D:6      | Noticed Pikel
  5257 | D:6      | Killed Pikel
  5258 | D:6      | Reached skill level 5 in Spellcasting
  5258 | D:6      | Reached skill level 1 in Conjurations
  5473 | D:6      | Reached skill level 5 in Dodging
  5581 | D:7      | Noticed Duvessa
  5582 | D:7      | Noticed Dowan
  5592 | D:7      | Killed Duvessa
  5835 | D:6      | Killed Dowan
  5840 | D:7      | Reached skill level 5 in Fighting
  6347 | D:7      | Noticed safid's ghost (novice MiHu)
  6354 | D:7      | Found a transporter.
  6418 | D:7      | Reached skill level 8 in Poison Magic
  6476 | D:7      | Offered knowledge of Searing Ray by Vehumet.
  6489 | D:7      | Learned a level 2 spell: Searing Ray
  6524 | D:7      | Found the amulet of Vitality {RegenMP++ Regen++}
  6605 | D:7      | Found a transporter.
  6685 | D:7      | Reached skill level 5 in Long Blades
  6686 | D:7      | Reached XP level 10. HP: 63/81 MP: 10/18
  6714 | D:7      | Killed safid's ghost
  6714 | D:7      | Reached *** piety under Vehumet
  7026 | D:8      | Found an ancient bone altar of Kikubaaqudgha.
  7033 | D:8      | Offered knowledge of Inner Flame by Vehumet.
  7057 | D:8      | Learned a level 4 spell: Airstrike
  7279 | D:8      | Reached skill level 9 in Poison Magic
  7280 | D:8      | Noticed a cyan ugly thing
  7289 | D:8      | Noticed a skeletal warrior
  7311 | D:8      | Killed a cyan ugly thing
  7378 | D:8      | Mangled by a skeletal warrior

Illustrated notes

Levels and vault maps discovered:
D:1:      psy_arrival_conway, layout_loops_ring, minivault_4
D:2:      layout_loops_ring, serial_shops, shop, minmay_misc_feat_chi,
          patterned_corridor
D:3:      layout_basic, dreamdust_ecumenical_altar_statues
D:4:      layout_basic, minmay_temple_entry_ruins, nicolae_take_the_stairs,
          columned_hall_lemuel, uniq_natasha
D:5:      layout_basic, kennysheep_cross_room, nicolae_elemental_shop,
          uniq_blork_the_orc, uniq_prince_ribbit1
D:6:      layout_loops_ring, enter_ossuary_1, minivault_5, minmay_manual_moon,
          uniq_pikel
D:7:      layout_cave_pools, gammafunk_ghost_stat_death, uniq_duvessa
D:8:      minmay_chambers_of_sixes, layout_basic, overflow_temple_1_default,
          minmay_joined_circles
Temple:   nicolae_temple_bog_church

Skill      XL: |  1  2  3  4  5  6  7  8  9 10 |
---------------+-------------------------------+-----
Dodging        | 2 3 4 5 |  5.9
Transmutations | 2 3 |  3.0
Poison Magic   | 4 5 6 8 9 |  9.0
Fighting       | 1 2 3 4 5 6 |  6.1
Spellcasting   | 3 4 5 6 |  6.1
Long Blades    | 1 2 3 5 |  5.6
Fire Magic     | 2 |  2.4
Air Magic      | 2 3 |  3.2
Conjurations   | 2 |  2.0
Stealth        | |  1.7

Action                   |  1- 3 |  4- 6 |  7- 9 | 10-12 || total
-------------------------+-------+-------+-------+-------++-------
Melee: Unarmed           |    14 |       |       |       ||    14
       Tailslap          |     8 |    12 |    29 |     6 ||    55
       Club              |    47 |       |       |       ||    47
       Punch             |     2 |     4 |       |     2 ||     8
       Dagger            |    36 |    55 |       |       ||    91
       Long sword        |       |    39 |   242 |    57 ||   338
 Cast: Sting             |    27 |    12 |     6 |       ||    45
       Poisonous Vapours |     5 |    32 |    58 |    12 ||   107
       Olgreb's Toxic Ra |       |       |    10 |     2 ||    12
       Static Discharge  |       |       |     5 |     6 ||    11
       Mephitic Cloud    |       |       |     5 |     1 ||     6
       Airstrike         |       |       |       |     7 ||     7
       Searing Ray       |       |       |       |     5 ||     5
 Abil: Breathe Fire      |       |       |    26 |     6 ||    32
Evoke: Wand              |       |     1 |       |     5 ||     6
  Use: Scroll            |     5 |     5 |     5 |     2 ||    17
       Potion            |       |       |       |     2 ||     2
 Stab: Sleeping          |       |     2 |     2 |       ||     4
       Confused          |       |       |     1 |       ||     1
Armor: Skin              |    36 |    23 |   149 |    16 ||   224
Dodge: Dodged            |    78 |    50 |   262 |    32 ||   422
